 Dungeon Crawl Stone Soup version 0.22-a0-799-g88f5e90 (webtiles) character file.

128 jjfam the Skirmisher (level 5, 0/47 HPs)
             Began as a Hill Orc Fighter on July 21, 2018.
             Slain by an adder (1 damage)
             ... on level 3 of the Dungeon.
             The game lasted 00:07:02 (2180 turns).

jjfam the Skirmisher (Hill Orc Fighter)             Turns: 2180, Time: 00:07:03

Health: 0/47       AC:  8    Str: 20    XL:     5   Next: 12%
Magic:  5/5        EV:  7    Int:  8    God:
Gold:   49         SH:  9    Dex: 10    Spells: 4/4 levels left

rFire    . . .     SeeInvis .   a - +0 war axe
rCold    . . .     Gourm    .   c - +0 shield
rNeg     . . .     Faith    .   b - +0 scale mail
rPois    .         Spirit   .   (no helmet)
rElec    .         Reflect  .   (no cloak)
rCorr    .         Harm     .   u - +0 pair of gloves {archery}
MR       .....                  (no boots)
Stlth    ..........             (no amulet)
HPRegen  0.15/turn              (no ring)
MPRegen  0.09/turn              (no ring)

@: very slightly contaminated, invisible
A: no striking features
a: no special abilities


You were on level 3 of the Dungeon.
You were not hungry.

You visited 1 branch of the dungeon, and saw 3 of its levels.

You collected 49 gold pieces.

Inventory:

Hand Weapons
 a - a +0 war axe (weapon)
 l - a +1 whip of flaming
Armour
 b - a +0 scale mail (worn)
 c - a +0 shield (worn)
 i - a +0 pair of gloves
 u - a +0 pair of gloves of archery (worn)
Jewellery
 m - an uncursed amulet of guardian spirit {unknown}
 s - an uncursed ring of stealth {unknown}
 w - an uncursed amulet of guardian spirit {unknown}
Scrolls
 e - 5 scrolls of remove curse {unknown}
 g - a scroll of magic mapping {unknown}
 h - a scroll of fog {unknown}
 n - 3 scrolls of identify {unknown}
 o - 2 scrolls of teleportation {unknown}
 q - a scroll of random uselessness {unknown}
Potions
 d - a potion of might
 k - a potion of lignification {unknown}
 p - a potion of degeneration {unknown}
 r - a potion of agility {unknown}
 t - a potion of invisibility
 v - a potion of cancellation {unknown}
Comestibles
 f - 5 rations
 j - 2 chunks of flesh


   Skills:
 + Level 4.4 Fighting
 + Level 4.2 Axes
 + Level 4.2 Armour
 + Level 4.1 Shields


You had 4 spell levels left.
You didn't know any spells.
Your spell library was empty.

Dungeon Overview and Level Annotations

Branches:
Dungeon (3/15)

Altars:


Message History

The adder barely misses you. You block the orc's attack.
It was a potion of invisibility.
You fade into invisibility!
The jackal closely misses you. You block the adder's attack.
The orc hits you from afar with a trident.
* * * LOW HITPOINT WARNING * * *
The jackal barely misses you. The adder closely misses you.
You are very lightly contaminated with residual magic.
The jackal bites you but does no damage.
The jackal bites you but does no damage.
The jackal closely misses you.
Found 12 gold pieces.
The jackal bites you.
* * * LOW HITPOINT WARNING * * *
You block the jackal's attack.
You closely miss the adder.
The adder is severely wounded.
You hit the jackal but do no damage. You block the jackal's attack.
The adder bites you.
You die...

..##.......####............
..##.......# #...........#
..##.......# #...........#
...'.......# #.."......).#
####......># #...........#
..<#รท......# #......######
#..#...)...# #o.....#
...#.......# #hS....#
...'.......# #.@....#
...#...)...# #......#
..##.......# #......#
..##.......# #.........
..##.......# ##........
..##.......# #........
..########## #........ ..#
#.....$.. ..#


You could see an adder, an orc and a jackal.

Vanquished Creatures
  An orc priest (D:3)
  2 adders (D:2)
  An ooze (D:2)
  3 worms (D:2)
  2 dart slugs
  2 leopard geckos (D:2)
  3 orcs
  2 ball pythons (D:1)
  2 giant cockroaches
  4 goblins
  8 hobgoblins
  5 jackals (D:3)
  A quokka (D:3)
  7 bats
  3 frilled lizards
  4 kobolds
  6 rats
56 creatures vanquished.

Notes
Turn   | Place    | Note
-------+----------+-------------------------------------------
     0 | D:1      | jjfam the Hill Orc Fighter began the quest for the Orb.
     0 | D:1      | Reached XP level 1. HP: 19/19 MP: 1/1
   263 | D:1      | Reached XP level 2. HP: 24/27 MP: 2/2
  1018 | D:2      | Reached XP level 3. HP: 33/33 MP: 3/3
  1368 | D:2      | Reached XP level 4. HP: 40/40 MP: 4/4
  2156 | D:3      | Reached XP level 5. HP: 15/47 MP: 5/5
  2170 | D:3      | HP: 2/47 [orc/trident (4)]
  2179 | D:3      | HP: 1/47 [jackal (2)]
  2180 | D:3      | Slain by an adder

Vault maps used:
D:1:      sevenhm_arrival_forest_fort_small_6

Skill      XL: |  1  2  3  4 |
---------------+-------------+-----
Axes           | 3 4 |  4.2
Fighting       | 4 |  4.4
Armour         | 4 |  4.2
Shields        | 4 |  4.1

Action                   |  1- 3 |  4- 6 || total
-------------------------+-------+-------++-------
Melee: War axe           |    28 |    30 ||    58
       Whip              |    69 |    39 ||   108
Throw: Throwing net      |       |     2 ||     2
  Use: Potion            |       |     1 ||     1
  Eat: Chunk             |     2 |     2 ||     4
Armor: Scale mail        |    37 |    42 ||    79
Dodge: Dodged            |    24 |    34 ||    58
Block: Shield            |    45 |    58 ||   103

Table legend:
 A = Spawn XP
 B = Non-spawn XP
 C = Spawn XP percentage of total XP
 D = Spawn monster count
 E = Non-spawn monster count
 F = Spawn count percentage of total count
 G = Total turns spent on level
                    A         B        C        D         E        F      G
               +---------+---------+-------+---------+---------+-------+---------
         Total |       0 |     184 |   0.0 |       0 |      56 |   0.0 |  2180
               +---------+---------+-------+---------+---------+-------+---------
           D:1 |       0 |      24 |   0.0 |       0 |      15 |   0.0 |   985
           D:2 |       0 |      88 |   0.0 |       0 |      26 |   0.0 |   985
           D:3 |       0 |      72 |   0.0 |       0 |      15 |   0.0 |   210
               +---------+---------+-------+---------+---------+-------+---------
